Cogmind - Beta 15 @@@ ROGUE MODE // 2025.10.06 @ 16:29:54 Player: microsand Result: Destroyed by Y-54 Guardian with Gatling Laser Performance ------------- Evolutions (4) 2000 Regions Visited (7) 1400 Robots Destroyed (0) 0 Value Destroyed (0) 0 Prototype IDs (0) 0 Alien Tech Used (0) 0 Bonus (1482) 1482 TOTAL SCORE: 4882 Bonus ------- Pacifist 862 Follower Combat Kills 20 Met Imprinter 300 Was Imprinted 300 Cogmind --------- Core Integrity 0/850 Matter 300/300 Energy 99/100 System Corruption 2% Temperature Cool (6) Movement Core (50) Location -6/Extension Parts ------- > --- POWER (4) -------- (None) > --- PROPULSION (5) --- (None) > --- UTILITY (4) ------ (None) > --- WEAPON (2) ------- (None) > --- INVENTORY (5) ---- Makeshift Salvage Targeting Computer Recoil Stabilizer Force Booster Trap Extractor (0/4) Makeshift Spear Peak State ------------ > --- POWER ------------ (None) > --- PROPULSION ------- (None) > --- UTILITY ---------- Recoil Stabilizer Force Booster > --- WEAPON ----------- (None) > --- INVENTORY -------- Trap Extractor [Rating: 7] Favorites ----------- Power None Propulsion None Utility Force Booster Device Force Booster Weapon None Build | -11 -10 -9 -9 -7 -6 -6 -6 ------- Run | Yrd Mat Mat Min Zio Pro Fac Ext Slots Evolved 8 | . . 2 . . . 6 . Power 3 | . . . . . . 3 . Propulsion 3 | . . 2 . . . 1 . Utility 2 | . . . . . . 2 . Weapon . | . . . . . . . . Parts Attached 2 | . . . . 2 . . . Power . | . . . . . . . . Engine . | . . . . . . . . Core . | . . . . . . . . Reactor . | . . . . . . . . Propulsion . | . . . . . . . . Treads . | . . . . . . . . Leg . | . . . . . . . . Wheel . | . . . . . . . . Hover . | . . . . . . . . Flight . | . . . . . . . . Utility 2 | . . . . 2 . . . Device 2 | . . . . 2 . . . Storage . | . . . . . . . . Processor . | . . . . . . . . Hackware . | . . . . . . . . Protection . | . . . . . . . . Artifact . | . . . . . . . . Weapon . | . . . . . . . . Energy Gun . | . . . . . . . . Energy Cannon . | . . . . . . . . Ballistic Gun . | . . . . . . . . Ballistic Cannon . | . . . . . . . . Launcher . | . . . . . . . . Special Weapon . | . . . . . . . . Impact Weapon . | . . . . . . . . Slashing Weapon . | . . . . . . . . Piercing Weapon . | . . . . . . . . Special Melee Weapon . | . . . . . . . . Unidentified Prototypes . | . . . . . . . . Parts Lost . | . . . . . . . . Power . | . . . . . . . . Propulsion . | . . . . . . . . Utility . | . . . . . . . . Weapon . | . . . . . . . . Highest Loss Streak . | . . . . . . . . To Critical Strikes . | . . . . . . . . Average Backups 3 | . . . . 2 5 5 5 Power . | . . . . . . . . Propulsion . | . . . . . . . . Utility 2 | . . . . 2 4 4 4 Weapon . | . . . . . 1 1 1 Tool/Special . | . . . . . . . . Unused Backups 3 | . . . . . . . 3 Power . | . . . . . . . . Propulsion . | . . . . . . . . Utility 2 | . . . . . . . 2 Weapon 1 | . . . . . . . 1 Tool/Special . | . . . . . . . . Average Slot Usage (%) . | . . . . . . . . Peak Build Rating 7 | . . . . 7 1 1 1 Average Rating . | . . . . . 1 1 1 On Entrance . | . . . . . 1 1 1 Naked Turns 1141 | . 42 10 4 559 199 152 175 Heaviest Build 6 | . . . . 6 . . . Greatest Support 3 | 3 3 3 3 3 3 3 3 Greatest Overweight (x) 1 | . . . . 1 . . . Average Overweight (x) . | . . . . . . . . Largest Inventory Capacity 5 | 5 5 5 5 5 5 5 5 Average Capacity 5 | 5 5 5 5 5 5 5 5 Most Carried 5 | . . . . 5 5 5 5 Average Carried 3 | . . . . 2 5 5 5 Final Capacity 5 | 5 5 5 5 5 5 5 5 Final Carried 5 | . . . . 5 5 5 5 Class Distribution -------------------- 100% | Mutant Dominant Class ---------------- Mutant | -10/Materials Mutant | -9/Materials Mutant | -9/Mines Mutant | -7/Zion Mutant | -6/Proximity Caves Mutant | -6/Factory Mutant | -6/Extension Resources | -11 -10 -9 -9 -7 -6 -6 -6 ----------- Run | Yrd Mat Mat Min Zio Pro Fac Ext Matter Collected 220 | 126 . . . 60 34 . . Remotely . | . . . . . . . . Salvage Created . | . . . . . . . . Parts . | . . . . . . . . Haulers Intercepted . | . . . . . . . . Recyclers Shooed . | . . . . . . . . Parts Field Recycled . | . . . . . . . . Retrieved Matter . | . . . . . . . . Parts Self-Destructed . | . . . . . . . . Prevented . | . . . . . . . . Kills | -11 -10 -9 -9 -7 -6 -6 -6 ------- Run | Yrd Mat Mat Min Zio Pro Fac Ext Combat Hostiles Destroyed . | . . . . . . . . Classes Destroyed . | . . . . . . . . Best Kill Streak . | . . . . . . . . Combat Bots Only . | . . . . . . . . Max Kills in Single Turn . | . . . . . . . . Gunslinging . | . . . . . . . . Exploded . | . . . . . . . . Melee . | . . . . . . . . Uniques/NPCs Destroyed . | . . . . . . . . Combat | -11 -10 -9 -9 -7 -6 -6 -6 -------- Run | Yrd Mat Mat Min Zio Pro Fac Ext Hostile Shots Fired 197 | . 20 . . . 56 70 51 Missed 90 | . 9 . . . 26 32 23 Hits 107 | . 11 . . . 30 38 28 Projectile 107 | . 11 . . . 30 38 28 Critical Strikes 1 | . . . . . . 1 . Damage Taken 1280 | . 115 . . . 315 605 245 Core 1280 | . 115 . . . 315 605 245 Absorbed by Shields . | . . . . . . . . Core Remaining (%) 58 | 100 54 . . . 21 . . Volleys Fired . | . . . . . . . . Largest . | . . . . . . . . Hottest . | . . . . . . . . Shots Fired . | . . . . . . . . Gun . | . . . . . . . . Cannon . | . . . . . . . . Launcher . | . . . . . . . . Special . | . . . . . . . . Kinetic . | . . . . . . . . Thermal . | . . . . . . . . Explosive . | . . . . . . . . Electromagnetic . | . . . . . . . . Robot Hit Streak . | . . . . . . . . Robot Miss Streak . | . . . . . . . . Penetration Max . | . . . . . . . . Secondary Targets . | . . . . . . . . Shots Hit Robots . | . . . . . . . . Core Hits . | . . . . . . . . Critical Kills . | . . . . . . . . Critical Parts Destroyed . | . . . . . . . . Critical Strikes . | . . . . . . . . Melee Attacks . | . . . . . . . . Impact . | . . . . . . . . Slashing . | . . . . . . . . Piercing . | . . . . . . . . Sneak Attacks . | . . . . . . . . Combat Hostiles . | . . . . . . . . Follow-up Attacks . | . . . . . . . . Damage Inflicted 21 | . . . . . . 4 17 Guns . | . . . . . . . . Cannons . | . . . . . . . . Explosions . | . . . . . . . . Melee . | . . . . . . . . Ramming 21 | . . . . . . 4 17 Kinetic . | . . . . . . . . Thermal . | . . . . . . . . Explosive . | . . . . . . . . Electromagnetic . | . . . . . . . . Impact . | . . . . . . . . Slashing . | . . . . . . . . Piercing . | . . . . . . . . Highest Corruption 2 | . . . . . . . 2 Average Corruption 2 | . . . . . . . 2 Corruption Purged . | . . . . . . . . Corruption Blocked . | . . . . . . . . Overload Shots . | . . . . . . . . Overflow Damage . | . . . . . . . . Projectiles . | . . . . . . . . Explosions . | . . . . . . . . Melee . | . . . . . . . . Knockbacks . | . . . . . . . . Impact . | . . . . . . . . Kinetic . | . . . . . . . . Secondary . | . . . . . . . . Self-Inflicted Damage 10 | . . . . . . 2 8 Shots . | . . . . . . . . Rammed 4 | . . . . . . 1 3 Targets Rammed 4 | . . . . . . 1 3 Kicked . | . . . . . . . . Crushed . | . . . . . . . . Highest Temperature . | . . . . . . . . Average Temperature . | . . . . . . . . Received Heat Transfer 180 | . 66 . . . 66 . 48 Siege Activations . | . . . . . . . . Martial Activations . | . . . . . . . . Shielding Activations . | . . . . . . . . Robots Disrupted . | . . . . . . . . Combat Hostiles . | . . . . . . . . Robots Corrupted . | . . . . . . . . Combat Hostiles . | . . . . . . . . Parts Fried . | . . . . . . . . Impact Corruptions . | . . . . . . . . Robots Melted . | . . . . . . . . Combat Hostiles . | . . . . . . . . Parts Melted . | . . . . . . . . Heat Transferred . | . . . . . . . . Parts Sabotaged . | . . . . . . . . Parts Stolen . | . . . . . . . . Parts Stripped . | . . . . . . . . Power Chain Reactions . | . . . . . . . . Alert | -11 -10 -9 -9 -7 -6 -6 -6 ------- Run | Yrd Mat Mat Min Zio Pro Fac Ext Maximum Alert Level . | . . . . . . . . Low Security (%) 100 | 100 100 100 100 . . 100 100 Level 1 . | . . . . . . . . Level 2 . | . . . . . . . . Level 3 . | . . . . . . . . Level 4 . | . . . . . . . . Level 5 . | . . . . . . . . High Security . | . . . . . . . . Max Security . | . . . . . . . . Peak Influence 45 | . . . . . . 44 45 Initial 16 | . . . . . . . 16 Average 9 | . . . . . . 7 14 Influence Increases 159 | . . . . . 45 69 45 Destroy 0b10 Robot/C 20 | . . . . . . 20 . Allied During Kill 2 | . . . . . . 2 . Destroy Structure 2 | . . . . . . 2 . Lose Combat Pursuer 135 | . . . . . 45 45 45 Influence Decreases 154 | . . . . . 45 35 74 Entered New Map 18 | . . . . . . . 18 Time Decay 131 | . . . . . 40 35 56 Lost Ally 5 | . . . . . 5 . . Squads Dispatched 1 | . . . . . . 1 . Investigation 1 | . . . . . . 1 . Extermination . | . . . . . . . . Reinforcement . | . . . . . . . . Assault . | . . . . . . . . Garrison . | . . . . . . . . Intercept . | . . . . . . . . Searches Triggered . | . . . . . . . . Construction Impeded . | . . . . . . . . Haulers Reinforced . | . . . . . . . . Active Scanning Responses . | . . . . . . . . Cargo Convoy Interrupts . | . . . . . . . . Stealth | -11 -10 -9 -9 -7 -6 -6 -6 --------- Run | Yrd Mat Mat Min Zio Pro Fac Ext Distress Signals . | . . . . . . . . Communications Jammed . | . . . . . . . . Distress Signals . | . . . . . . . . Times Spotted 25 | . 2 . . . 7 9 7 Peak Tracking Total 6 | . 2 . . . 4 6 4 Tactical Retreats 6 | . . . . . 3 2 1 Traps | -11 -10 -9 -9 -7 -6 -6 -6 ------- Run | Yrd Mat Mat Min Zio Pro Fac Ext Traps Triggered . | . . . . . . . . Indirectly . | . . . . . . . . Trap Hack Attempts . | . . . . . . . . Triggered . | . . . . . . . . Disarmed . | . . . . . . . . Reprogrammed . | . . . . . . . . Reused . | . . . . . . . . Traps Extracted . | . . . . . . . . Installed . | . . . . . . . . Triggered . | . . . . . . . . Machines | -11 -10 -9 -9 -7 -6 -6 -6 ---------- Run | Yrd Mat Mat Min Zio Pro Fac Ext Machines Disabled . | . . . . . . . . Max in Single Turn . | . . . . . . . . Machines Repaired . | . . . . . . . . Machines Dismantled . | . . . . . . . . Machines Sabotaged . | . . . . . . . . Overloaded Fab Kills . | . . . . . . . . Hacking | -11 -10 -9 -9 -7 -6 -6 -6 --------- Run | Yrd Mat Mat Min Zio Pro Fac Ext Machines Accessed . | . . . . . . . . Terminals . | . . . . . . . . Fabricators . | . . . . . . . . Repair Stations . | . . . . . . . . Recycling Units . | . . . . . . . . Scanalyzers . | . . . . . . . . Garrison Access . | . . . . . . . . Total Hacks . | . . . . . . . . Successful . | . . . . . . . . Failed . | . . . . . . . . Catastrophic . | . . . . . . . . Database Lockouts . | . . . . . . . . Manual 6 | . . . . . . 5 1 Terminals . | . . . . . . . . Fabricators . | . . . . . . . . Repair Stations . | . . . . . . . . Recycling Units . | . . . . . . . . Scanalyzers . | . . . . . . . . Garrison Access . | . . . . . . . . Terminal Hacks . | . . . . . . . . Fabricator Hacks . | . . . . . . . . Repair Station Hacks . | . . . . . . . . Recycling Unit Hacks . | . . . . . . . . Scanalyzer . | . . . . . . . . Garrison Access Hacks . | . . . . . . . . Unauthorized Hacks . | . . . . . . . . Terminals . | . . . . . . . . Fabricators . | . . . . . . . . Repair Stations . | . . . . . . . . Recycling Units . | . . . . . . . . Scanalyzers . | . . . . . . . . Garrison Access . | . . . . . . . . Data Cores Recovered . | . . . . . . . . Used . | . . . . . . . . Hacking Detections . | . . . . . . . . Full Trace Events . | . . . . . . . . Feedback Events . | . . . . . . . . Feedback Blocked . | . . . . . . . . Robot Schematics Acquired 3 | . . . . 3 . . . Robots Built . | . . . . . . . . Authchips . | . . . . . . . . Time . | . . . . . . . . Total Robot Build Rating . | . . . . . . . . Part Schematics Acquired 15 | . . . . 15 . . . Parts Built . | . . . . . . . . Authchips . | . . . . . . . . Time . | . . . . . . . . Total Part Build Rating . | . . . . . . . . Parts Repaired . | . . . . . . . . Time . | . . . . . . . . Parts Recycled . | . . . . . . . . Recycled Matter . | . . . . . . . . Retrieved Matter . | . . . . . . . . Retrieved Components . | . . . . . . . . Parts Scanalyzed . | . . . . . . . . Part Schematics Acquired . | . . . . . . . . Parts Damaged . | . . . . . . . . Bothacking | -11 -10 -9 -9 -7 -6 -6 -6 ------------ Run | Yrd Mat Mat Min Zio Pro Fac Ext Used RIF Installer . | . . . . . . . . Robots Hacked . | . . . . . . . . Non-combat . | . . . . . . . . Combat . | . . . . . . . . Robot Hacks Applied . | . . . . . . . . Relay Couplers Released . | . . . . . . . . Fabnet Peak Effective % . | . . . . . . . . Robots Rewired . | . . . . . . . . Allies Hacked . | . . . . . . . . Hacks Repelled . | . . . . . . . . Allies | -11 -10 -9 -9 -7 -6 -6 -6 -------- Run | Yrd Mat Mat Min Zio Pro Fac Ext Total Allies 5 | . . . . 4 . 1 . Largest Group 4 | . . . . 4 4 1 . Highest-Rated Group 180 | . . . . 152 152 180 . Highest-Rated Ally 180 | . . . . 40 40 180 . Zionite Dispatches 1 | . . . . . . 1 . Hero 1 | . . . . . . 1 . Total Orders . | . . . . . . . . Ally Attacks 14 | . . . . . 11 3 . Total Damage 291 | . . . . . 184 107 . Kills 1 | . . . . . . 1 . Allies Corrupted . | . . . . . . . . Allies Melted . | . . . . . . . . Intel | -11 -10 -9 -9 -7 -6 -6 -6 ------- Run | Yrd Mat Mat Min Zio Pro Fac Ext Active Infowar (turns) . | . . . . . . . . Robot Analysis Total . | . . . . . . . . Derelict Logs Recovered 4 | . . . . 3 1 . . Drone Launches . | . . . . . . . . Drone Recoveries . | . . . . . . . . Exploration | -11 -10 -9 -9 -7 -6 -6 -6 ------------- Run | Yrd Mat Mat Min Zio Pro Fac Ext Turns Passed 1174 | 22 42 10 4 570 199 152 175 Spaces Moved 1839 | 40 81 19 4 699 391 276 329 Core 1839 | 40 81 19 4 699 391 276 329 Treads . | . . . . . . . . Legs . | . . . . . . . . Wheels . | . . . . . . . . Hover . | . . . . . . . . Flight . | . . . . . . . . Fastest Speed 50 | 50 50 50 50 50 50 50 50 Average Speed 50 | 50 50 50 50 50 50 50 50 Slowest Speed 100 | 50 50 50 50 100 50 50 50 Overloaded Moves . | . . . . . . . . Propulsion Burnouts . | . . . . . . . . Robots Hopped . | . . . . . . . . Potential Cave-ins . | . . . . . . . . Cave-ins Triggered . | . . . . . . . . Exploration Rate (%) 24 | 5 18 4 3 65 67 6 27 Regions Visited 7 Branch Regions 4 Pre-discovered Areas 2 | . . . . 1 1 . . Known Exits Taken . | . . . . . . . . Unknown Exits Taken 7 | 1 1 1 1 1 1 1 . Scrap Searched 4 | . . . . 2 2 . . Spaces Dug . | . . . . . . . . Terrain Destroyed . | . . . . . . . . Melee . | . . . . . . . . Projectile . | . . . . . . . . AOE . | . . . . . . . . Terrain Rammed . | . . . . . . . . Walls Destroyed . | . . . . . . . . Machines Disabled . | . . . . . . . . Actions | -11 -10 -9 -9 -7 -6 -6 -6 --------- Run | Yrd Mat Mat Min Zio Pro Fac Ext Total 2081 | 41 81 18 5 915 393 289 339 Wait 236 | 2 1 . 2 208 3 13 7 Move 1832 | 39 80 18 3 698 390 275 329 Hop . | . . . . . . . . Pick Up 5 | . . . . 5 . . . Fast Attach . | . . . . . . . . Attach 2 | . . . . 2 . . . Detach 2 | . . . . 2 . . . Swap . | . . . . . . . . Drop . | . . . . . . . . Fire . | . . . . . . . . Melee . | . . . . . . . . Ram 4 | . . . . . . 1 3 Kick . | . . . . . . . . Crush . | . . . . . . . . Escape Stasis . | . . . . . . . . Rewire . | . . . . . . . . Trap . | . . . . . . . . Miscellaneous . | . . . . . . . . Route ------- -11/Scrapyard -10/Materials -9/Materials -9/Mines -7/Zion -6/Proximity Caves -6/Factory -6/Extension History --------- Turn | Location | Event 6 | -11/Scrapyard | Discovered new exit (range 16) 23 | -11/Scrapyard | Entered Materials 54 | -10/Materials | Discovered new exit (range 11) 65 | -10/Materials | Entered another Materials area 65 | -9/Materials | Evolved 2 slots: Propulsion x2 67 | -9/Materials | Discovered new exit (range 12) 75 | -9/Materials | Entered Mines 76 | -9/Mines | A Derelict revealed a hidden shortcut to a safe place 79 | -9/Mines | Entered Zion 245 | -7/Zion | Learned Factory security intel 285 | -7/Zion | Learned Factory emergency access door positions 334 | -7/Zion | Build established: Mutant 368 | -7/Zion | Met Imprinter 380 | -7/Zion | Imprinted 382 | -7/Zion | Declared Zion's savior 506 | -7/Zion | Discovered new exit (range 12) 649 | -7/Zion | Entered Proximity Caves 649 | -6/Proximity Caves | Accompanied by 4 allies 651 | -6/Proximity Caves | Spotted B-75 Beast 696 | -6/Proximity Caves | Attracted the attention of an 0b10 checkpoint 707 | -6/Proximity Caves | Core integrity fell below 50% 747 | -6/Proximity Caves | Learned location of Extension (-6) 755 | -6/Proximity Caves | Lost 3 allies 842 | -6/Proximity Caves | Discovered new exit (range 14) 848 | -6/Proximity Caves | Entered Factory 848 | -6/Factory | Evolved 6 slots: Power x3, Propulsion x1, Utility x2 941 | -6/Factory | Core integrity fell below 50% 981 | -6/Factory | Zion hero teleported in (7V-RTL) 988 | -6/Factory | Discovered new exit (range 16) 1000 | -6/Factory | Entered Extension 1080 | -6/Extension | Core integrity fell below 20% 1175 | -6/Extension | Destroyed by Y-54 Guardian with Gatling Laser Last Messages --------------- 00983_ Y-54 Guardian suffers critical hit (Destroy). 00988_ EXIT=FOUND 00998_ Connecting with Door Terminal... LOCATION=UNKNOWN GOAL=ESCAPE 01015_ U-05 Engineer exits Transfer Station. 01015_ R-10 Processor exits Transfer Station. 01015_ T-07 Excavator exits Transfer Station. 01017_ K-01 Serf enters Transfer Station. 01033_ Slammed into U-05 Engineer. 01053_ R-10 Processor enters Transfer Station. 01073_ C-30 ARC bursts open, deploying its payload. 01073_ S-27 Virus unfolds itself. 01097_ T-07 Excavator enters Transfer Station. 01119_ Connecting with Door Terminal... 01119_ Current location identified: Extension 01167_ Slammed into Y-54 Guardian. 01168_ Destabilizing: System corrupted (+2). Map ----- +----------------------------------------------------+ | | | | | | | | | | | | | | | | | ?????????????????????????????????????????????????? | | ?????????????????????????????????????????????????? | | ?????????????????????????????????????????????????? | | #####################????????????????????????????? | | #????????????????????????????? | | #??????????????#######???????? | | #??????????????# #???????? | | #??????????????# #####???? | | #??????????????# #???? | | ################# ######?????????# ### #???? | | #???????????????# # #?????????# #?# ##### | | #???????????????# + "?????????## ####?# | | ################# #T#??????????# #????####### | | #????????????# #??????????? | | ########??### #????????????#%#??????????? | | ???????????# ##############%#??????????? | | ##??????????# Y#??????????? | | ????????????# @ #??????????? | | ????????????###########################??????????? | | ?????????????????????????????????????????????????? | | ?????????????????????????????????????????????????? | | ?????????????????????????????????????????????????? | | ?????????????????????????????????????????????????? | | ?????????????????????????????????????????????????? | | ?????????????????????????????????????????????????? | | ?????????????????????????????????????????????????? | | ?????????????????????????????????????????????????? | | ?????????????????????????????????????????????????? | | ?????????????????????????????????????????????????? | | ?????????????????????????????????????????????????? | | ?????????????????????????????????????????????????? | | ?????????????????????????????????????????????????? | | ?????????????????????????????????????????????????? | | ?????????????????????????????????????????????????? | | ?????????????????????????????????????????????????? | | ?????????????????????????????????????????????????? | | ################################################## | | | | | | | | | | | +----------------------------------------------------+ Best States ------------- Heat Dissipation 37 Energy Generation 5 Energy Capacity 100 Matter Stores 300 Matter Capacity 300 Sight Range 16 Terrain Scan Density 10 Evasion (%) 50 Recoil Reduction 4 Force Boost 20 Item Schematics ----------------- Arc Projector | -7/Zion | Archive Thermal Shield | -7/Zion | Archive Weapon Cycler | -7/Zion | Archive Thermic Laser | -7/Zion | Archive Imp. Field Recycling Unit | -7/Zion | Archive Matter Compressor | -7/Zion | Archive Flak Gun | -7/Zion | Archive Adv. Hacking Suite | -7/Zion | Archive Imp. Kinecellerator | -7/Zion | Archive System Restoration Module | -7/Zion | Archive Adv. Melee Analysis Suite | -7/Zion | Archive Spear | -7/Zion | Archive Hvy. Flak Cannon | -7/Zion | Archive Adv. Heat Sink | -7/Zion | Archive Xenon Bombardment Thruster | -7/Zion | Archive Robot Schematics ------------------ G-47 Trooper | -7/Zion | Archive K-01 Serf | -7/Zion | Archive S-27 Virus | -7/Zion | Archive Fabricated ------------ Nothing Repaired ---------- Nothing Alien Tech Used ----------------- None Achievements -------------- Heroic Deeds I'm Back, Baby! Robot Respite The One Tourist Challenges ------------ None Game ------ Seed DecoderBombardmentDrillbomb Manual? 0 Play Time 00:15:42 Cumulative 9.1 hours Start 2025.10.06 @ 16:13:05 End 2025.10.06 @ 16:29:54 Sessions 1 Manual Loads 0 Difficulty Rogue Special Mode None Game No. 31 Rogue 31 Adventurer 0 Explorer 0 Win Type - Total 0 Types 0/0/0/0/0/0/0/0/0/0 Lore% 13 Gallery% 15 Achievement% 17 Wizard Run 0 Options --------- Layout 1 ASCII 0 Keyboard 0 Movement Numpad Keybinds 0 Fullscreen 1 Font 24/Smallcaps Map View 50x35 Zoom Use 0% Tactical HUD 1 Map Filters NONE Filters NONE Steam X RUN: 140ddb71-ceed-4a66-9e3e-d93b75e07d26